 Dungeon Crawl Stone Soup version 0.30.1-6-gbe392663c4 (webtiles) character file.

Game seed: 4378447589170278580

406 boopmooplesden the Covered (level 6, -1/54 HPs)
             Began as an Armataur Fighter on Sept 21, 2023.
             Killed from afar by Ijyb (8 damage)
             ... with a puff of flame
             ... on level 3 of the Dungeon.
             The game lasted 00:04:09 (2261 turns).

boopmooplesden the Covered (Armataur Fighter)       Turns: 2261, Time: 00:04:10

Health: -1/54      AC: 10    Str: 23    XL:     6   Next: 56%
Magic:  6/6        EV:  6    Int:  9    God:
Gold:   163        SH:  4    Dex:  9    Spells: 5/5 levels left

rFire   . . .        a - +0 long sword
rCold   . . .        c - +0 buckler
rNeg    . . .        m - +0 chain mail
rPois   .            (no helmet)
rElec   .            (no cloak)
rCorr   .            g - +0 pair of gloves
SInv    .            (no barding)
Will    .....        (no amulet) Stlth
                     (no ring)
HPRegen 0.29/turn    (no ring)
MPRegen 0.10/turn

%: roll
@: no status effects
A: large, rugged brown scales 3, deformed body, armoured tail, roll, long
tongue, awkward tongue
a: no special abilities


You were on level 3 of the Dungeon.
You visited 1 branch of the dungeon, and saw 3 of its levels.

You collected 163 gold pieces.

Inventory:

Hand Weapons
 a - a +0 long sword (weapon)
Armour
 c - a +0 buckler (worn)
 g - a +0 pair of gloves (worn)
 m - a +0 chain mail (worn)
Wands
 e - a wand of flame (24)
Scrolls
 b - a scroll of fear {unknown}
 d - a scroll of enchant weapon {unknown}
 h - 2 scrolls of teleportation
 n - a scroll of butterflies
Potions
 l - a potion of magic


   Skills:
 + Level 3.4 Fighting
 + Level 4.7 Long Blades
 + Level 5.4 Armour
 + Level 0.8 Dodging
 + Level 0.4 Stealth
 + Level 3.7 Shields


You had 5 spell levels left.
You didn't know any spells.
Your spell library contained the following spells:

 Spells                   Type           Power      Damage    Failure   Level
 Slow                     Hex            0%         N/A       95%         1
 Lesser Beckoning         Tloc           0%         N/A       99%         2
 Confusing Touch          Hex            0%         N/A       100%        3
 Gell's Gravitas          Tloc           0%         N/A       100%        3
 Teleport Other           Tloc           0%         N/A       100%        3
 Vampiric Draining        Necr           0%         2d6       100%        3


Dungeon Overview and Level Annotations

Branches:
Dungeon (3/15)

Altars:
Uskayaw

Shops:
D:1 ((!

Annotations:
D:3 Ijyb


Innate Abilities, Weirdness & Mutations

You are completely covered in rugged brown scales. (AC +3, +7% HP)
Armour fits poorly on your strangely shaped body.
You have a long armoured tail.
You roll when moving toward enemies. (Rampage)
Your long tongue fully drains potion bottles. (2x potion effects)
Your tongue gives you trouble enunciating. (1.5x scroll delay)


Message History

Ijyb zaps a wand.
The puff of flame hits you!
You barely miss Ijyb.
Ijyb is severely wounded.
Ijyb hits you but does no damage.
Ijyb zaps a wand.
The puff of flame hits you.
You hit Ijyb.
Ijyb is almost dead.
Ijyb hits you but does no damage.
You closely miss Ijyb.
Ijyb is almost dead.
Ijyb zaps a wand.
The puff of flame hits you.
You closely miss Ijyb.
Ijyb is almost dead.
Ijyb drinks a potion.
Ijyb is healed!
You barely miss Ijyb. You tail-slap Ijyb.
Ijyb is heavily wounded.
Ijyb barely misses you.
You closely miss Ijyb.
Ijyb is heavily wounded.
Ijyb hits you with a +0 club.
Ijyb zaps a wand.
The puff of flame hits you.
You hit Ijyb but do no damage.
Your tail-slap misses Ijyb.
Ijyb is heavily wounded.
Ijyb hits you but does no damage.
You hit Ijyb but do no damage.
Ijyb is heavily wounded.
Ijyb zaps a wand.
The puff of flame hits you.
* * * LOW HITPOINT WARNING * * *
You hit Ijyb.
Ijyb is severely wounded.
Ijyb zaps a wand.
The puff of flame hits you!
* * * LOW HITPOINT WARNING * * *
Ijyb attacks as you move away! Ijyb barely misses you.
Okay, then.
Hit: a) +0 long sword
Press: ? - help, Dir - move target, f - you
Okay, then.
Aiming: Throw Flame
Press: ? - help, Shift-Dir - straight line, f - Ijyb
Aim: Ijyb, wielding a +0 club, wearing a +3 leather armour of willpower and carrying a wand of flame (12) (severely wounded, 60% to hit)
The puff of flame misses Ijyb.
Ijyb zaps a wand.
The puff of flame hits you!
You die...

.#...# ###.##.#..#
.###.# #.........# .#
#.# #.#.##.##.# .# #.#
#.#.#.....#
####.####.#.#..####
#.....#.#.#########.
#.....#.#.##........
#.....#.#)##g#######
###.....#.#.....@....#
#.....#.#)####.#####.#
#.....#.#.# #.#
#.....#.#.# ##.#
#.....#.#.###..#
#.......#.#....###
####..#.....#........
.# #.###...###.######
.# #..#.....#..#


You could see Ijyb.

Vanquished Creatures
  Sigmund (D:3)
  A water moccasin (D:3)
  Robin (D:3)
  4 adders
  A worm (D:2)
  4 dart slugs
  4 orcs (D:3)
  8 bats
  3 endoplasms
  2 giant cockroaches (D:2)
  14 goblins
  8 hobgoblins
  7 jackals
  7 kobolds
  4 quokkas
  5 ball pythons
  4 frilled lizards
  2 rats (D:1)
80 creatures vanquished.

Notes
Turn   | Place    | Note
-------+----------+-------------------------------------------
     0 | D:1      | boopmooplesden the Armataur Fighter began the quest for the
                  | Orb.
     0 | D:1      | Reached XP level 1. HP: 19/19 MP: 1/1
   186 | D:1      | Reached XP level 2. HP: 26/26 MP: 2/2
   195 | D:1      | Found Veomad's Weapon Emporium.
   199 | D:1      | Reached skill level 4 in Armour
   294 | D:1      | Found Xoifesef's Distillery.
   294 | D:1      | Found a hide-covered altar of Uskayaw.
   521 | D:1      | Found Fafimn's Antique Weapon Boutique.
   543 | D:1      | Reached XP level 3. HP: 32/32 MP: 3/3
  1199 | D:2      | Reached XP level 4. HP: 31/40 MP: 4/4
  1684 | D:3      | Noticed Sigmund
  1685 | D:3      | Noticed a water moccasin
  1696 | D:3      | Killed Sigmund
  1697 | D:3      | Reached skill level 5 in Armour
  1697 | D:3      | Reached XP level 5. HP: 19/48 MP: 5/5
  1705 | D:3      | Killed a water moccasin
  1706 | D:3      | Reached XP level 6. HP: 20/54 MP: 6/6
  1873 | D:3      | Noticed Robin
  1900 | D:3      | Killed Robin
  2238 | D:3      | Noticed Ijyb
  2261 | D:3      | Killed from afar by Ijyb

Illustrated notes

Levels and vault maps discovered:
D:1:      minmay_arrival_three_doors, layout_basic, serial_shops,
          nicolae_shop_competitors_out_of_business, shop, nicolae_square_shop,
          minmay_hexomino_r4
D:2:      layout_basic
D:3:      layout_basic, serial_shops, shop, minmay_strange_pillars,
          lemuel_flame_loot_1, uniq_ijyb, uniq_natasha, uniq_robin, uniq_sigmund

Skill      XL: |  1  2  3  4 |
---------------+-------------+-----
Armour         | 4 5 |  5.4
Long Blades    | 2 4 |  4.7
Fighting       | 3 |  3.4
Dodging        | |  0.8
Stealth        | |  0.4
Shields        | |  3.7

Action                     |  1- 3 |  4- 6 || total
---------------------------+-------+-------++-------
  Melee: Long sword        |   137 |   123 ||   260
         Tailslap          |    11 |    13 ||    24
  Evoke: Wand              |       |     1 ||     1
    Use: Scroll            |       |     8 ||     8
         Potion            |       |     3 ||     3
 Armour: Scale mail        |    75 |       ||    75
         Chain mail        |    26 |    82 ||   108
  Dodge: Dodged            |    59 |    48 ||   107
  Block: Buckler           |    33 |    24 ||    57
